 Dungeon Crawl Stone Soup version 0.28.0-53-g5a82cb258f (webtiles) character file.

Game seed: 11431908122945387957

569 TheMimicMan the Skirmisher (level 7, -13/66 HPs)
             Began as a Minotaur Abyssal Knight on June 17, 2022.
             Was a Priest of Lugonu.
             Killed from afar by a gargoyle (22 damage)
             ... with a stone arrow
             ... on level 5 of the Dungeon.
             The game lasted 00:18:44 (5842 turns).

TheMimicMan the Skirmisher (MiAK)                   Turns: 5842, Time: 00:18:45

Health: -13/66     AC: 11    Str: 19    XL:     7   Next: 11%
Magic:  7/7        EV:  7    Int:  7    God:    Lugonu [***...]
Gold:   285        SH:  0    Dex: 11    Spells: 6/6 levels left

rFire   . . .      SeeInvis .   a - +1 mace
rCold   . . .      Faith    .   (no shield)
rNeg    . . .      Spirit   .   b - +0 chain mail
rPois   .          Reflect  .   (helmet restricted)
rElec   .          Harm     .   n - +0 cloak
rCorr   .          Rampage  .   (no gloves)
Will    .....                   c - +0 pair of boots
Stlth   ..........              (no amulet)
HPRegen 0.21/turn               (no ring)
MPRegen 0.10/turn               (no ring)

@: about to teleport
A: horns 2, retaliatory headbutt
a: Renounce Religion, Depart the Abyss, Bend Space, Banish


You were on level 5 of the Dungeon.
You worshipped Lugonu.
Lugonu was most pleased with you.
You visited 1 branch of the dungeon, and saw 5 of its levels.
You visited the Abyss 1 time.

You collected 285 gold pieces.

Inventory:

Hand Weapons
 a - a +1 mace (weapon)
Missiles
 i - 73 stones (quivered)
Armour
 b - a +0 chain mail (worn)
 c - a +0 pair of boots (worn)
 n - a +0 cloak (worn)
Jewellery
 k - a ring of resist corrosion
Wands
 j - a wand of mindburst (14)
Scrolls
 h - a scroll of amnesia
 l - a scroll of blinking {unknown}
 o - a scroll of magic mapping {unknown}
 p - a scroll of enchant weapon {unknown}
 q - 2 scrolls of fear {unknown}
 u - 2 scrolls of identify
Potions
 e - a potion of berserk rage {unknown}
 f - 2 potions of might
 g - a potion of mutation {unknown}
 m - a potion of magic {unknown}
 r - a potion of curing {unknown}
 s - 2 potions of heal wounds {unknown}
 t - a potion of degeneration {unknown}


   Skills:
 + Level 7.3 Fighting
 + Level 6.6 Maces & Flails
 + Level 2.9 Armour
 - Level 1.1 Dodging
 + Level 2.1 Invocations


You had 6 spell levels left.
You didn't know any spells.
Your spell library contained the following spells:

 Spells                   Type           Power      Damage    Failure   Level
 Corpse Rot               Necr/Air       0%         N/A       100%        2
 Poisonous Vapours        Pois/Air       0%         N/A       100%        2
 Sublimation of Blood     Necr           0%         N/A       100%        2
 Wereblood                Tmut           0%         N/A       100%        2
 Dazzling Flash           Conj/Hex       0%         N/A       100%        3
 Gell's Gravitas          Tloc           0%         N/A       100%        3
 Lesser Beckoning         Tloc           0%         N/A       100%        3
 Teleport Other           Tloc           0%         N/A       100%        3
 Agony                    Necr           0%         N/A       100%        5
 Silence                  Hex/Air        0%         N/A       100%        5
 Summon Hydra             Summ           0%         N/A       100%        7


Dungeon Overview and Level Annotations

Branches:
Dungeon (5/15)
 Temple: D:4-7

Altars:
Yredelemnul

Annotations:
D:4 3 runed translucent doors, Sin92's ghost, novice DsFi
D:5 3 runed translucent doors, unlimited1921's ghost, novice GnCA


Innate Abilities, Weirdness & Mutations

You have a pair of horns on your head.
You reflexively headbutt those who attack you in melee.


Message History

You now have 270 gold pieces (gained 16).
Found a chain mail.
q - 2 scrolls labelled ZOXOBRO MAGGEA (gained 1)
You now have 274 gold pieces (gained 4).
You open the door.
There is an open door here.
You now have 285 gold pieces (gained 11).
You open the door.
There is an open door here.
There is an open door here.
Found a mace.
You see here a +0 mace.
A gargoyle comes into view. It is wielding a +0 mace.
You hit the gargoyle but do no damage.
The gargoyle hits you but does no damage.
You hit the gargoyle but do no damage.
The gargoyle hurls a stone arrow at you.
The stone arrow hits you!
You hit the gargoyle but do no damage.
You headbutt the gargoyle, but do no damage.
The gargoyle barely misses you.
You hit the gargoyle.
The gargoyle is lightly damaged.
The gargoyle barely misses you. You furiously retaliate!
You headbutt the gargoyle! You hit the gargoyle.
The gargoyle is heavily damaged.
The gargoyle hits you with a +0 mace!
You hit the gargoyle but do no damage. Your headbutt misses the gargoyle.
The gargoyle is heavily damaged.
The gargoyle hurls a stone arrow at you.
The stone arrow hits you!
As you read the scroll of teleportation, it crumbles to dust.
You feel strangely unstable.
The gargoyle hurls a stone arrow at you.
The stone arrow hits you!!
* * * LOW HITPOINT WARNING * * *
The gargoyle hurls a stone arrow at you.
The stone arrow hits you!!
You die...

#..#.##.# #.......#
####.#..#.###
............#
####..#.###.#
.#........#.##
.#.#......#.#.
.###.#.#..#.#.##########
..........#.#.9.@....).#
.....#..#.#.#.########.#
####.#....#.#. #.#
.....#.#..#.#. #.#
####.#.#..#.#. #.#
#.#......#. #.#
#.#......#. #.#
#.##....##. #.#
#.####...# #.#


You could see a gargoyle.

Vanquished Creatures
  An ogre (D:4)
  A water moccasin skeleton (D:4)
  A bullfrog zombie (D:5)
  A hound (D:4)
  A jelly (D:4)
  3 iguanas (D:5)
  A scorpion zombie (D:4)
  An orc wizard (D:5)
  A howler monkey skeleton (D:3)
  3 gnolls (D:5)
  6 adders
  2 shadow imps
  An adder zombie (D:4)
  2 worms
  2 dart slugs
  7 orcs
  8 endoplasms
  11 goblins
  16 hobgoblins
  7 kobolds
  2 quokkas
  6 ball pythons
  5 bats
  7 frilled lizards
  2 rats (D:2)
98 creatures vanquished.

Notes
Turn   | Place    | Note
-------+----------+-------------------------------------------
     0 | Abyss:1  | TheMimicMan the Minotaur Abyssal Knight began the quest for
                  | the Orb.
     0 | Abyss:1  | Reached XP level 1. HP: 19/19 MP: 1/1
     0 | D:1      | Escaped the Abyss
   160 | D:1      | Reached * piety under Lugonu
   193 | D:1      | Found a faded altar of an unknown god.
   432 | D:1      | Reached skill level 4 in Fighting
   454 | D:1      | Reached XP level 2. HP: 26/27 MP: 2/2
  1309 | D:2      | Reached XP level 3. HP: 34/34 MP: 3/3
  2338 | D:2      | Reached skill level 5 in Fighting
  2524 | D:3      | Reached XP level 4. HP: 34/42 MP: 4/4
  2800 | D:3      | Reached ** piety under Lugonu
  3834 | D:4      | Reached XP level 5. HP: 49/49 MP: 5/5
  4083 | D:4      | Reached skill level 6 in Fighting
  4083 | D:4      | Reached skill level 5 in Maces & Flails
  4185 | D:4      | Found a runed translucent gate.
  4185 | D:4      | Found a runed translucent gate.
  4185 | D:4      | Found a runed translucent gate.
  4185 | D:4      | Noticed Sin92's ghost (novice DsFi)
  4247 | D:4      | Found a basalt altar of Yredelemnul.
  4276 | D:4      | Reached XP level 6. HP: 48/58 MP: 6/6
  4982 | D:5      | Entered Level 5 of the Dungeon
  5157 | D:5      | Reached skill level 7 in Fighting
  5419 | D:5      | Reached XP level 7. HP: 62/66 MP: 7/7
  5514 | D:5      | Found a runed translucent gate.
  5515 | D:5      | Found a runed translucent gate.
  5515 | D:5      | Found a runed translucent gate.
  5524 | D:5      | Noticed unlimited1921's ghost (novice GnCA)
  5533 | D:5      | Reached *** piety under Lugonu
  5833 | D:5      | Noticed a gargoyle
  5842 | D:5      | Killed from afar by a gargoyle

Illustrated notes

Levels and vault maps discovered:
D:1:      dpeg_arrival_simpleton_c, layout_loops_corners, basic_ecumenical_altar
D:2:      kennysheep_big_flooded_room, layout_basic, minmay_bisected
D:3:      layout_basic, guppyfry_early_orc_mine
D:4:      layout_basic, nicolae_yredelemnul_ghost_church
D:5:      layout_basic, gammafunk_ghost_necromancy

Skill      XL: |  1  2  3  4  5  6 |
---------------+-------------------+-----
Fighting       | 4 5 6 7 |  7.3
Maces & Flails | 3 4 5 6 |  6.6
Invocations    | 2 |  2.1
Armour         | |  2.9
Dodging        | |  1.1

Action                   |  1- 3 |  4- 6 |  7- 9 || total
-------------------------+-------+-------+-------++-------
Melee: Mace              |    95 |   140 |    28 ||   263
       Headbutt          |    10 |    27 |     7 ||    44
       Punch             |     3 |     3 |       ||     6
Throw: Stone             |     4 |    21 |     4 ||    29
Invok: Depart the Abyss  |     1 |       |       ||     1
  Use: Scroll            |     2 |     3 |     1 ||     6
Armor: Leather armour    |    17 |     7 |       ||    24
       Chain mail        |       |    65 |     5 ||    70
       Scale mail        |       |     5 |       ||     5
Dodge: Dodged            |    58 |    53 |     8 ||   119
